 Dungeon Crawl Stone Soup version 0.19-a0-1899-g2d93087 (webtiles) character file.

465 KarmaPolice the Vandal (level 7, -3/47 HPs)
             Began as a Halfling Hunter on Oct 19, 2016.
             Killed from afar by an orc wizard (7 damage)
             ... with a magic dart
             ... on level 4 of the Dungeon.
             The game lasted 00:07:10 (3889 turns).

KarmaPolice the Vandal (Halfling Hunter)            Turns: 3889, Time: 00:07:10

Health: -3/47      AC:  5    Str: 13    XL:     7   Next: 29%
Magic:  7/7        EV: 14    Int:  9    God:
Gold:   144        SH:  0    Dex: 17    Spells: 0 memorised, 6 levels left

rFire  . . .     SeeInvis .     h - +2 whip (venom)
rCold  . . .     Gourm    .     c - +0 leather armour
rNeg   . . .     Faith    .     (shield restricted)
rPois  .         Spirit   .     (no helmet)
rElec  .         Reflect  .     t - +1 cloak
rCorr  .         Harm     .     (no gloves)
MR     .....                    (no boots)
Stlth  +++.......               (no amulet)
                                (no ring)
                                (no ring)

@: slowed, very slow
A: mutation resistance 1
a: no special abilities


You were on level 4 of the Dungeon.
You were not hungry.

You visited 1 branch of the dungeon, and saw 4 of its levels.

You collected 144 gold pieces.

Inventory:

Hand Weapons
 a - a +1 hunting sling
 b - a +0 short sword
 h - a +2 whip of venom (weapon)
Missiles
 d - 20 sling bullets
 g - 77 stones (quivered)
Armour
 c - a +0 leather armour (worn)
 t - a +1 cloak (worn)
Jewellery
 o - an uncursed ring of positive energy {unknown}
Wands
 w - a wand of random effects (20/48)
 y - a wand of digging (17/24)
Scrolls
 e - 3 scrolls of identify {unknown}
 j - a scroll of magic mapping {unknown}
 l - 3 scrolls of teleportation {unknown}
 m - a scroll of blinking {unknown}
 n - a scroll of remove curse {unknown}
 s - a scroll of fog {unknown}
 v - a scroll of noise {unknown}
 B - a scroll of recharging {unknown}
 C - a scroll of fear {unknown}
Potions
 i - 2 potions of brilliance {unknown}
 p - 2 potions of agility {unknown}
 q - a potion of curing
 u - a potion of heal wounds {unknown}
 x - a potion of cure mutation {unknown}
 z - a potion of cancellation {unknown}
 A - a potion of might {unknown}
Comestibles
 f - 2 bread rations
 k - a meat ration
 r - 2 beef jerkies


   Skills:
 + Level 3.6 Fighting
 + Level 3.8 Short Blades
 + Level 7.5 Slings
 - Level 2.1 Dodging
 + Level 4.2 Stealth
 + Level 1.2 Evocations


You had 6 spell levels left.
You didn't know any spells.

Dungeon Overview and Level Annotations

Branches:
Dungeon (4/15)
 Temple: D:4-7

Altars:
Ru


Innate Abilities, Weirdness & Mutations

You are small and have problems with some larger weapons.
You are somewhat resistant to further mutation.


Message History

Things that are here:
a dagger; a robe; an orc corpse You hit the orc wizard.
The orc wizard is poisoned.
The orc wizard is lightly wounded.
The orc wizard barely misses you.
You closely miss the orc wizard.
The orc wizard is moderately wounded.
The orc wizard hits you with a dagger.
* * * LOW HITPOINT WARNING * * *
The orc wizard hits you but does no damage.
Unknown command.
You closely miss the orc wizard.
The orc wizard is moderately wounded.
The orc wizard barely misses you. The orc wizard barely misses you.
You hit the orc wizard.
The orc wizard looks even sicker.
The orc wizard is severely wounded.
The orc wizard casts a spell at you. The magic dart hits you!
You die...

#.# #.# #.#
#.# #.# #.#
#.# #.# #@#
#o#
##########o#
o........).#
############


You could see an orc wizard and an orc.

Vanquished Creatures
  Sigmund (D:3)
  A scorpion (D:4)
  An orc priest (D:4)
  Crazy Yiuf (D:3)
  3 orc wizards (D:4)
  A hound skeleton (D:3)
  2 adders
  An ooze (D:2)
  A worm (D:2)
  A dart slug (D:1)
  A leopard gecko (D:2)
  6 orcs
  7 giant cockroaches
  3 goblins
  3 hobgoblins (D:2)
  8 jackals (D:1)
  12 kobolds
  2 quokkas (D:3)
  4 bats
  7 frilled lizards
  5 rats
71 creatures vanquished.

Notes
Turn   | Place    | Note
-------+----------+-------------------------------------------
     0 | D:1      | KarmaPolice the Halfling Hunter began the quest for the Orb.
     0 | D:1      | Reached XP level 1. HP: 14/14 MP: 1/1
   158 | D:1      | Reached skill level 1 in Short Blades
   158 | D:1      | Reached XP level 2. HP: 19/19 MP: 2/2
   744 | D:1      | Reached skill level 6 in Slings
   744 | D:1      | Reached XP level 3. HP: 24/24 MP: 3/3
  1337 | D:2      | Reached XP level 4. HP: 26/30 MP: 4/4
  2329 | D:3      | Found a runed door.
  2547 | D:3      | Found a faded altar of an unknown god.
  2547 | D:3      | Found a faded altar of an unknown god.
  2552 | D:3      | Found a faded altar of an unknown god.
  2554 | D:3      | Found a sacrificial altar of Ru.
  2555 | D:3      | Found a faded altar of an unknown god.
  2660 | D:3      | Noticed Sigmund
  2686 | D:3      | Killed Sigmund
  2686 | D:3      | Reached skill level 7 in Slings
  2686 | D:3      | Reached XP level 5. HP: 5/36 MP: 5/5
  2686 | D:3      | Reached XP level 6. HP: 6/42 MP: 6/6
  3201 | D:3      | Noticed Crazy Yiuf
  3210 | D:3      | Killed Crazy Yiuf
  3561 | D:4      | Reached XP level 7. HP: 22/46 MP: 7/7
  3878 | D:4      | Reached skill level 1 in Evocations
  3889 | D:4      | Killed from afar by an orc wizard

Vault maps used:
D:1:      saegor_arrival_simple_f
D:2:      first_bread
D:3:      chequers_temple_overflow_minitemple, uniq_sigmund,
          uniq_crazy_yiuf_cottage

Skill      XL: |  1  2  3  4  5  6  7 |
---------------+----------------------+-----
Fighting       | 2 3 |  3.6
Short Blades   | 1 3 |  3.8
Stealth        | 2 3 4 |  4.2
Slings         | 6 7 |  7.5
Evocations     | 1 |  1.2
Dodging        | |  2.1

Action                   |  1- 3 |  4- 6 |  7- 9 || total
-------------------------+-------+-------+-------++-------
Melee: Short sword       |    40 |       |       ||    40
       Whip              |    63 |    81 |    32 ||   176
 Fire: Hunting sling     |       |     5 |       ||     5
 Stab: Sleeping          |     6 |     7 |       ||    13
  Eat: Chunk             |     1 |     6 |     2 ||     9
Armor: Leather armour    |    27 |     6 |     7 ||    40
Dodge: Dodged            |    86 |    55 |    27 ||   168
